 Dungeon Crawl Stone Soup version 0.28-a0-909-g796cbd3a86 (webtiles) character file.

Game seed: 14085471373089148003

247 Peloso the Skirmisher (level 5, -1/47 HPs)
             Began as a Minotaur Fighter on Nov 25, 2021.
             Slain by Menkaure (6 damage)
             ... on level 4 of the Dungeon.
             The game lasted 00:05:15 (3196 turns).

Peloso the Skirmisher (Minotaur Fighter)            Turns: 3196, Time: 00:05:16

Health: -1/47      AC: 10    Str: 20    XL:     5   Next: 85%
Magic:  4/4        EV:  8    Int:  5    God:
Gold:   27         SH: 10    Dex: 11    Spells: 4/4 levels left

rFire   . . .      SeeInvis .   a - +0 long sword
rCold   . . .      Faith    .   c - +0 buckler
rNeg    . . .      Spirit   .   q - +0 chain mail
rPois   .          Reflect  +   (helmet restricted)
rElec   .          Harm     .   (no cloak)
rCorr   .          Rampage  .   (no gloves)
Will    .....                   k - +0 pair of boots
Stlth   ..........              g - amulet of reflection
HPRegen 0.15/turn               (no ring)
MPRegen 0.09/turn               (no ring)

@: no status effects
A: horns 2, retaliatory headbutt
a: no special abilities


You were on level 4 of the Dungeon.
You visited 1 branch of the dungeon, and saw 4 of its levels.

You collected 53 gold pieces.
You spent 26 gold pieces at shops.

Inventory:

Hand Weapons
 a - a +0 long sword (weapon)
Armour
 b - a +0 scale mail
 c - a +0 buckler (worn)
 k - a +0 pair of boots (worn)
 q - a +0 chain mail (worn)
Jewellery
 g - an amulet of reflection (around neck)
 l - a +6 ring of intelligence
 o - a ring of fire
Scrolls
 f - a scroll of brand weapon {unknown}
 h - 3 scrolls of identify
 i - a scroll of enchant weapon {unknown}
 n - a scroll of blinking {unknown}
 r - a scroll of vulnerability {unknown}
Potions
 d - a potion of might
 e - a potion of resistance {unknown}
 j - a potion of brilliance {unknown}
 m - 3 potions of degeneration {unknown}
 p - a potion of flight {unknown}


   Skills:
 + Level 4.9 Fighting
 + Level 4.8 Long Blades
 + Level 4.6 Armour
 + Level 1.5 Dodging
 + Level 0.2 Stealth
 + Level 4.6 Shields


You had 4 spell levels left.
You didn't know any spells.
Your spell library contained the following spells:

 Spells                   Type           Power      Damage    Failure   Level
 Ignite Poison            Fire/Tmut/Pois 0%         N/A       100%        3
 Mephitic Cloud           Conj/Pois/Air  0%         N/A       100%        3
 Freezing Cloud           Conj/Ice/Air   0%         6-21      100%        5


Dungeon Overview and Level Annotations

Branches:
Dungeon (4/15)
 Temple: D:4-7

Altars:

Shops:
D:1 ?   D:3 ?

Annotations:
D:3 1 runed translucent door, Stonecrops's ghost, amateur MiMo
D:4 Menkaure


Innate Abilities, Weirdness & Mutations

You have a pair of horns on your head.
You reflexively headbutt those who attack you in melee.


Message History

Menkaure is nearby!
You aren't carrying any items that you can evoke.
Unknown command.
Menkaure casts a spell.
Menkaure seems to speed up.
There is an open door here.
A jelly comes into view.
The jelly quivers.
Menkaure hits you!
A scorpion comes into view.
You hit Menkaure.
Menkaure is moderately damaged.
You block Menkaure's attack. Menkaure hits you.
You hit Menkaure.
Menkaure is heavily damaged.
Menkaure hits you but does no damage.
You hit Menkaure.
Menkaure is severely damaged.
Menkaure hits you but does no damage. The scorpion stings you.
The scorpion barely misses you. You furiously retaliate!
You headbutt the scorpion.
Menkaure points at you and mumbles some strange words.
Pain shoots through your body!
You hit Menkaure.
Menkaure is almost destroyed.
Menkaure wails, "Why can't you leave me to my rest?"
You block Menkaure's attack. You block the scorpion's attack.
Unknown command.
You hit Menkaure.
Menkaure is almost destroyed.
You block the scorpion's attack. Menkaure hits you but does no damage.
The jelly barely misses you.
Unknown command.
You hit Menkaure but do no damage.
Menkaure is almost destroyed.
Menkaure hits you!
* * * LOW HITPOINT WARNING * * *
The scorpion stings you but does no damage.
You block the jelly's attack. Menkaure hits you.
You die...

... .# .. ...
..##+### ....
......#
....##.....#
.........#
#..M...###. #
#.s@J...?..
#.##.#'######. ###
#.........#
.....####.#....#
...............#
#.....####.##....#
#.....##.........#
#.....##.#.#.....#
#.....##.#.#.#+#.#


You could see Menkaure (fast), a scorpion and a jelly.

Vanquished Creatures
  A black bear (D:4)
  A jelly (D:4)
  3 gnolls (D:2)
  2 adders
  2 worms
  2 dart slugs
  7 endoplasms
  8 giant cockroaches
  8 goblins
  4 hobgoblins
  6 jackals
  3 quokkas
  5 ball pythons
  4 bats
  2 frilled lizards
  4 kobolds
  7 rats
69 creatures vanquished.

Notes
Turn   | Place    | Note
-------+----------+-------------------------------------------
     0 | D:1      | Peloso the Minotaur Fighter began the quest for the Orb.
     0 | D:1      | Reached XP level 1. HP: 19/19 MP: 0/0
   247 | D:1      | Reached XP level 2. HP: 27/27 MP: 1/1
   368 | D:1      | Found Laor's Magic Scroll Emporium.
   831 | D:2      | Reached XP level 3. HP: 33/33 MP: 2/2
  1465 | D:2      | Reached XP level 4. HP: 41/41 MP: 3/3
  1499 | D:2      | Reached skill level 1 in Dodging
  2048 | D:3      | Found Liefima's Magic Scroll Shop.
  2054 | D:3      | Bought a scroll of identify for 26 gold pieces
  2166 | D:3      | You fall into a shaft and drop 1 floor!
  2322 | D:4      | Noticed a black bear
  2361 | D:4      | Reached XP level 5. HP: 40/47 MP: 4/4
  2362 | D:4      | Killed a black bear
  2604 | D:3      | Found a runed translucent door.
  2909 | D:3      | Found a faded altar of an unknown god.
  3064 | D:3      | Noticed Stonecrops's ghost (amateur MiMo)
  3182 | D:4      | Noticed Menkaure
  3196 | D:4      | Slain by Menkaure

Illustrated notes

Levels and vault maps discovered:
D:1:      ebering_trefoil_twist, layout_rooms, serial_shops, shop,
          minmay_quantized
D:2:      layout_rooms, grunt_ministairs_3, grunt_decor_junction,
          minmay_worlds_worst_comb
D:3:      layout_loops_corners, serial_shops, shop,
          chequers_ecumenical_altar_simple_redux, ebering_ghost_reflecting_pool
D:4:      minmay_door_path, layout_basic, uniq_grinder, uniq_menkaure

Skill      XL: |  1  2  3  4 |
---------------+-------------+-----
Shields        | 4 |  4.6
Fighting       | 4 |  4.9
Long Blades    | 3 4 |  4.8
Armour         | 4 |  4.6
Dodging        | 1 |  1.5
Stealth        | |  0.2

Action                   |  1- 3 |  4- 6 || total
-------------------------+-------+-------++-------
Melee: Long sword        |    88 |    82 ||   170
       Headbutt          |    16 |     7 ||    23
  Use: Potion            |       |     1 ||     1
Armor: Scale mail        |    47 |    28 ||    75
       Chain mail        |       |     4 ||     4
Dodge: Dodged            |    43 |    33 ||    76
Block: Buckler           |    18 |    39 ||    57
       Reflection        |       |     2 ||     2

Table legend: (Time is in decaauts)
 A = Elapsed time spent in this place.
 B = Non-inter-level travel time spent in this place.
 C = Inter-level travel time spent in this place.
 D = Time resting spent in this place.
 E = Time spent auto-exploring this place.
 F = Levels seen in this place.
 G = Mean time per level.
                   A        B        C        D        E       F      G
               +--------+--------+--------+--------+--------+-----+--------+
         Total |   3237 |   3137 |    100 |    396 |   2074 |   4 |  809.2 |
       Dungeon |   3237 |   3137 |    100 |    396 |   2074 |   4 |  809.2 |
               +--------+--------+--------+--------+--------+-----+--------+

Top non-repeatable levels by time:
     D:1: 975 daAuts
     D:2: 972 daAuts
     D:3: 885 daAuts
     D:4: 405 daAuts
